Workbook
Name AÑO: [1]Hoja1!$G$4:$G$23
Name Cumplimiento: [2]Hoja2!$B$2:$B$3
Name DIA: [1]Hoja1!$E$4:$E$35
Name ESTADO: [3]Hoja2!$B$3:$B$6
Name FECHA: [4]Hoja1!$E$4:$G$16,[4]Hoja1!$E$17:$E$35,[4]Hoja1!$G$17:$G$23
Name LOCAL: [1]SUBDIRECIONES!$A$3:$A$18
Name MES: [1]Hoja1!$F$4:$F$16
Name OBSERVACION: [3]Hoja2!$D$3:$D$5

Sheet URBANISMO
G2: SECRETARIA DISTRITAL DE INTEGRACION SOCIAL DIRECCION DE GESTION CORPORATIVA SUBDIRECCION DE PLANTAS FISICAS PROCESO GESTION DE BIENES Y SERVICIOS FORMATO CALIFICACION TECNICA DE INMUEBLES
C8: 1. OBJETIVO: Verificar la infraestructura ofertada por el proponente , mediante una visita de inspección ocular a la edificación y determinar si es APTA o NO para prestar los servicios que ofrece la Secretaría Distrital de Integración Social.
C10: PARTE I INFORMACIÓN GENERAL DEL PREDIO
C11: PROPONENTE: | H11: No. DE PROCESO: | M11: CAPACIDAD MÍNIMA DEL PLIEGO: | S11: PROYECTO:
C12: FECHA DE DILIGENCIAMIENTO: | H12: LOCALIDAD: | M12: BARRIO: | S12: UPZ:
C13: DIRECCIÓN: | M13: CHIP: | S13: SECTOR CATASTRAL:
C14: TELÉFONO: | H14: NOMBRE DEL PREDIO | M14: USO ACTUAL: | S14: MATRICULA INMOBILIARIA:
C16: 2. PARAMETROS URBANISTICOS
C18: No. | D18: ASPECTO | G18: CONDICIÓN | T18: SI | V18: NO | W18: OBSERVACIONES
C20: 2.1. | D20: Planos arquitectónicos (Requisito mínimo) | G20: Deben presentarse en el momento de la visita los planos arquitectónicos (pueden ser solo las plantas) especificando de manera clara y legible el nombre y las medidas de los espacios propuestos ademas del area total del predio, con el fin de verificar la capacidad de usuarios en cumplimiento del estándar establecido, entregado de la siguiente manera : 1.En formato DWG en la plataforma SECOP antes de las fechas establecidas en el cronograma de visitas 2.Copia impresa en el momento de la visita.
C22: PARTE II INFORMACIÓN TECNICA DEL PREDIO
C24: 3. AFECTACIONES
C25: 3.1. AMENAZAS NATURALES (REQUISITO MÍNIMO)
C26: No. | D26: AMENAZA | G26: NIVEL DE AMENAZA
C28: 3.1.1. | D28: Remoción en masa
C29: 3.1.2. | D29: Inundación
C30: 3.1.3. | D30: Redes de Energia (Requisito mínimo)
C33: PARTE III CARACTERISTICAS ESPACIOS FISICOS
C35: 4. CUADRO DE AREAS (M2)
C36: No. | D36: ASPECTO | G36: CONDICIÓN | T36: M2 | W36: UNIDAD
C37: 4.1. | D37: Areas de construcción | G37: AREA CONTRUIDA TOTAL PARA LA PRESTACIÒN DEL SERVICIO (CATASTRAL) | T37: 0
C38: NOTA: CUANDO EL SERVICIO SE PRESTE EN ÀREAS PARCIALES SE DEBERÀ DISCRIMINAR EL ÀREA POR PISO
C40: 4.1. REQUERIMIENTOS PARA EL FUNCIONAMIENTO DE UN JARDIN INFANTIL
C41: 4.1.1 | D41: Areas de construcción | G41: AREA PRIMER PISO
G42: AREA SEGUNDO PISO
G43: AREA TERCER PISO
G44: AREA TOTAL CONSTRUIDA
C45: 4.1.2 | D45: Area construida por usuarios atendidos | G45: El jardín infantil cuenta con un mínimo de dos (2) metros cuadrados por cada niña o niño sobre el total de área construida. | Q45: =Q43/2 -> 0 | V45: CAPACIDAD MAXIMA DE USUARIOS ATENDIDOS
C47: 5. PROGRAMA ARQUITECTONICO
C49: 5.1. ASPECTOS GENERALES
C50: No. | D50: ESPACIOS - AREAS | H50: DESCRIPCIÓN - ESTANDAR | Q50: REQUISITO MÌNIMO | S50: NECESARIO | U50: SI | V50: NO | W50: N/A | X50: CANTIDAD
C52: 5.1.1. | D52: Acceso | H52: El predio cuenta con acceso independiente para la prestación del Servicio. | Q52: X
C53: 5.1.2. | D53: Uso Exclusivo | H53: El predio es de uso exlusivo para la prestación del Servicio. | Q53: X
C54: 5.1.3. | D54: Confort | H54: En clima frio y caliente se debe garantizar el confort térmico para cada una de las áreas ofertadas. | S54: X
C55: 5.1.4. | D55: Oficina de Coordinación | H55: Cuenta con un espacio exclusivo de oficina para el responsable del servicio y archivo, independiente de las áreas pedagógicas y con acceso restringido para las niñas y los niños. | Q55: X
C56: 5.1.5. | D56: Depósito de material didáctico. | H56: Depósito de material didáctico. | S56: X
C57: 5.1.6. | D57: Aula ludica y/o Área recreativa. | H57: Al momento del uso se deben garantizar dos (2) metros cuadrados por niño o niña y cumplir con lo establecido en el protocolo de permanencia en áreas recreativas. | Q57: X
C58: 5.1.7 | D58: Baño para adultos. | H58: Mínimo una batería sanitaria (lavamanos y sanitario) por cada 15 adultos. | Q58: X
H59: El baño debe ser independiente de los servicios sanitarios para los niños y niñas y con acceso restringido para ellos y ellas. | Q59: X
C60: 5.1.8 | D60: Sala Amiga de la Familia Lactante. | H60: Cuenta con una zona para la práctica de la lactancia, que puede ubicarse dentro del área pedagógica. Según las características locativas de cada Jardín Infantil. Nota: es requisito minimo en caso de que el Jardin cuente con niños menores de 2 años | Q60: X
C61: 5.1.9 | D61: Cocina | H61: Debe tener acceso restringido para los niños y niñas. | Q61: X
H62: Cuenta con una area minima 12 M2, y a partir de 60 usuarios un área minima adicional de 0,2 m2 por cada usuarios atendidos. | S62: X
C63: 5.1.10 | D63: Despensa | H63: Espacio de despensa para el almacenamiento de alimentos perecederos y no perecederos con capacidad acorde al volumen de preparación de alimentos. | Q63: X
H64: La despensa se encuentra ubicada cerca de la cocina y aislada del espacio de almacenamiento de elementos de aseo. Ademas tiene acceso restringido a los niños y niñas. | Q64: X
C65: 5.1.11 | D65: Comedor | H65: El área de comedor del Centro, cuenta con una superficie mínima de 2.00 m² cuadrados por usuarios, por cada turno de servido, (el estándar incluye las áreas de circulación) | S65: X
H66: En caso de usar las áreas pedagógicas como comedor, se deben garantizar las condiciones higiénico-sanitarias en el espacio y en los elementos utilizados en la distribución y consumo de los alimentos antes y después del momento de la alimentación | S66: X
C67: 5.1.12 | D67: Unidad de almacenamiento de residíos sólidos. | H67: Separado de las áreas pedagógicas y del área de almacenamiento y preparación de alimentos, cumpliendo con lo establecido en la normatividad vigente y aquella que lo modifique o sustituya. Debe tener acceso restringido a los niños y niñas. | Q67: X
H68: El cuarto de basura deberá ser independiente de cualquier otra área. | Q68: X
H69: Acceso restringido a las niñas y los niños. | S69: X
C70: 5.1.13 | D70: Zona de lavandería. | H70: Debe tener acceso restringido a los niños y niñas. | Q70: X
H71: Separado de las áreas pedagógicas y del área de almacenamiento y preparación de alimentos. | Q71: X
C72: 5.1.14 | D72: Depósito para los elementos de aseo. | H72: Area para guardar y almacenar los elementos de aseo y una poceta con punto hidráulico y punto de desagüe para la limpieza y desinfección de traperos, escobas y recogedores. | Q72: X
H73: El espacio debe estar separado de las áreas pedagógicas y del área de almacenamiento y preparación de alimentos. | Q73: X
H74: Acceso restringido a los niños y niñas. | S74: X
C75: 5.1.15 | D75: Primeros Auxilios | H75: Debe ser aséptico, exclusivo, demarcado e independiente de los demás espacios. Área mínima 9 m2 | S75: X
C77: 5.2. FIRMA DEL PROPONENTE
C78: NOMBRE | K78: FIRMA | R78: NUMERO DE CEDULA
C83: 5.3. AMBIENTES AULAS (Requisito mínimo)
C85: 5.3.1 AMBIENTES AULAS. Área pedagógica para los niños y niñas
C86: Piso o Nivel | D86: Aula | E86: Dimension salones (m) | H86: Área Máxima Disponible | J86: ESTANDAR | L86: CAPACIDAD | P86: OBSERVACIONES
E87: lado 1 | G87: lado 2 | H87: (m2)
C100: TOTAL CAPACIDAD: | L100: =SUM(L88:O99) -> 0 | U100: USUARIOS ATENDIDOS
C102: 5.4. BATERIAS SANITARIAS
C104: 5.4.1 Baño para niños y niñas menores de dos años. (Se denomina área de aprendizaje y control de esfínteres) (Requisito mínimo)
C106: Piso o Nivel | D106: Lavacolas | E106: Sanitario u orinal | G106: Lavamanos | H106: Estandar | P106: OBSERVACIONES
H108: Una bateria santiaria ( 1 lavacolas por cada 15 usuarios + un lavamanos + sanitario / orinal)
C111: TOTAL | D111: =SUM(D108:D110) -> 0 | E111: =SUM(E108:F110) -> 0 | G111: =SUM(G108:G110) -> 0
C112: TOTAL BATERIAS SANITARIAS: | H112: =D111*15 -> 0 | P112: USUARIOS
C114: 5.4.2 BATERIAS SANITARIAS. Baño para niños y niñas mayores de dos años. (Requisito mínimo)
C116: Piso o Nivel | D116: Lavamanos | E116: Sanitario u orinal | G116: Ducha | H116: Estandar | P116: OBSERVACIONES
H118: Una bateria santiaria ( 1 lavamanos + 1 orinal/1sanitario por cada 20 usuarios)
C121: TOTAL | D121: 0 | E121: 0 | G121: =SUM(G118:G120) -> 0
C122: TOTAL BATERIAS SANITARIAS: | H122: =MIN(D121,E121)*20 -> 0 | P122: USUARIOS
C124: 5.5. OFICINA DE ADMINISTRACIÓN (Requisito mínimo)
C126: Piso o Nivel | D126: ESPACIO | E126: Dimension salones (m) | H126: Área Máxima Disponible | J126: OBSERVACIONES
E127: lado 1 | G127: lado 2 | H127: (m2)
H128: =E128*G128 -> 0
C130: 5.6. DEPÓSITO DE MATERIAL DIDÁCTICO (Requisito mínimo)
C132: Piso o Nivel | D132: ESPACIO | E132: Dimension salones (m) | H132: Área Máxima Disponible | P132: OBSERVACIONES
E133: lado 1 | G133: lado 2 | H133: (m2)
H135: =E135*G135 -> 0
C137: 5.7. AULA LUDICA O ÁREA RECREATIVA (Requisito mínimo)
C139: Piso o Nivel | D139: AULA / ESPACIO | E139: Dimension salones (m) | H139: Área Máxima Disponible | J139: ESTANDAR (2 m2 por usuarios) | L139: CAPACIDAD | P139: OBSERVACIONES
E140: lado 1 | G140: lado 2 | H140: (m2)
H141: =E141*G141 -> 0 | J141: 2 | L141: =ROUNDDOWN(H141/J141,0) -> 0
C142: TOTAL CAPACIDAD: | L142: =SUM(L141:O141) -> 0 | U142: USUARIOS ATENDIDOS
C144: 5.8. SALA AMIGA (Requisito mínimo)
C146: Piso o Nivel | D146: SALA | E146: Dimension salones (m) | H146: Área Máxima Disponible | J146: OBSERVACIONES
E147: lado 1 | G147: lado 2 | H147: (m2)
H148: =E148*G148 -> 0
C150: 5.9. COCINA (Requisito mínimo)
C152: Piso o Nivel | D152: COCINA | E152: Dimension salones (m) | H152: Área Máxima Disponible | J152: OBSERVACIONES
E153: lado 1 | G153: lado 2 | H153: (m2)
H154: =E154*G154 -> 0
C156: 5.10. DESPENSA (Requisito mínimo)
C158: Piso o Nivel | D158: DESPENSA | E158: Dimension salones (m) | H158: Área Máxima Disponible | J158: OBSERVACIONES
E159: lado 1 | F159: lado 2 | G159: Alto | H159: (m2)
H160: =E160*F160*G160 -> 0
C162: 5.11. COMEDOR (Requisito mínimo)
C164: Piso o Nivel | D164: COMEDOR | E164: Dimension salones (m) | H164: Área Máxima Disponible | J164: ESTANDAR (2 m2 por Usuarios) | L164: CAPACIDAD | P164: OBSERVACIONES
...

Sheet INFRAESTRUCTURA INFANCIA
I1: SECRETARIA DISTRITAL DE INTEGRACION SOCIAL DIRECCION DE GESTION CORPORATIVA SUBDIRECCION DE PLANTAS FISICAS PROCESO GESTION DE BIENES Y SERVICIOS FORMATO CALIFICACION TECNICA DE INMUEBLES (COMPONENTE URBANISTICO E INFRAESTRUCTURA) | X1: IDENTIFICACION
X2: PROYECTO : | Z2: PRIMERA INFANCIA
X3: PROCESO COMPETITIVO:
X4: NOMBRE PROPONENTE
X5: DIRECCION DEL PREDIO
C7: PARTE V CARACTERISTICAS GENERALES DE LA EDIFICACION
C9: 9. ASPECTOS GENERALES - OBSERVACIONES DEL ESTADO ACTUAL DE LA EDIFICACION
W10: CUMPLIMIENTO
C11: AREA | E11: ASPECTO | H11: ITEM | I11: CONDICIÓN | V11: REQUISITO MINIMO SI / NO | W11: SI | Y11: NO | Z11: N/A
C13: AREA INFRAETSRUCTURA BASICA | D13: 9.1 | E13: Servicios públicos e Infraestructura Basica y de seguridad Humana | H13: 1 | I13: El inmueble cuenta con servicio de acueducto y alcantarillado ("RESOLUCIÓN 2674 DE 2013 - Artículo 26. | V13: SI
H14: 2 | I14: El inmueble cuenta con tanque de almacenamiento de agua ("RAS 2000 - REGLAMENTO TECNICO DEL SECTOR DE AGUA POTABLE Y SANEAMIENTO BASICO - TITULO B | V14: SI
H15: 3 | I15: El inmueble cuenta con servicio de energìa elèctrica | V15: SI
H16: 4 | I16: El inmueble cuenta con servicio de gas natural | V16: NO
H17: 5 | I17: El inmueble cuenta con sistema de motobombas (en caso de que existan) | V17: NO
H18: 6 | I18: EL inmueble cuenta con calderas o calderines (en caso de que existan) | V18: NO
H19: 7 | I19: El inmueble cuenta con Red de Extincion de Incendio y/ o redes de deteccion de incencio | V19: SI
D20: 9.2 | E20: Ubicación y riesgos antropicos | H20: 8 | I20: El inmueble NO se encuentra continuo a zonas de almacenamiento de combustibles ("RESOLUCIÓN 2674 DE 2013 - Artículo 6°) | V20: SI
H21: 9 | I21: El inmueble NO se encuentra afectado por su cercanía a focos de contaminación (Rellenos sanitarios, botaderos, plazas de mercado) (RESOLUCIÓN 2674 DE 2013 - Artículo 6°.) | V21: SI
H22: 10 | I22: El inmueble en su acabado de cubierta (tejas), cuenta con material libre de asbesto cemento (Ley 1968 de 2019) | V22: SI
D23: 9.3 | E23: Cerramiento y fachada | H23: 11 | I23: Los cerramientos o muros que delimitan la planta física con las viviendas vecinas y exteriores impiden el acceso de extraños | V23: SI
C25: 10 VERIFICACIÓN DE LA INSTALACIÓN ELÉCTRICA
W27: CUMPLIMIENTO
C28: No. | E28: ASPECTO | I28: CONDICIÓN | V28: REQUISITO MINIMO SI / NO | W28: SI | Y28: NO | Z28: N/A
C30: AREA ELECTRICA | D30: 10.1 | E30: Instalaciones eléctricas | H30: 12 | I30: La instalación eléctrica se encuentra en buen estado y funcionando | V30: SI
D31: 10.2 | E31: Información sobre la cuenta | H31: 13 | I31: DATOS
I32: Número de cuenta de cliente según factura:
I33: Carga aprobada/aforada según factura (kW):
C36: PARTE VI CARACTERISTICAS PARTICULARES DEL SERVICIO A IMPLEMENTAR
C38: 11 REQUERIMIENTOS GENERALES PARA EL FUNCIONAMIENTO DE UN SERVICIO SOCIAL DE LA SECRETARIA DISTRITAL DE INTEGRACION SOCIAL
W40: CUMPLIMIENTO
C41: ITEM | D41: AREA | E41: ELEMENTO | H41: ITEM | I41: DESCRIPCIÓN ACTIVIDAD | V41: REQUISITO MINIMO SI / NO | W41: SI | Y41: NO | Z41: N/A
Z42: N/A
C43: AREA DE CIRCULACIÓN | D43: 11.1 | E43: Accesibilidad, señalizacion y señaletica | H43: 14 | I43: Rampas de acceso a los espacios de la unidad operativa (NTC 4143) | V43: SI
H44: 15 | I44: Elementos de transición o rampas para acceder internamente de un espacio a otro de la unidad operativa (NTC 4143) | V44: SI
H45: 16 | I45: Todos los espacios de la unidad operativa se encuentran con señalizacion y señaletica (NTC 4144) | V45: NO
D46: 11.2 | E46: Pasillos y corredores | H46: 17 | I46: Todos los corredores y pasillos se encuentran debidamente señalizados (NTC 4144) | V46: NO
H47: 18 | I47: Los pasillos internos de la edificación que permitan el tránsito a todo tipo de población (movilidad educida) deben tener un ancho mínimo no obstruido de 0.90 mts (NTC 4067 | V47: SI
H48: 19 | I48: Los pasillos y corredores estarán libres de obstáculos en todo su ancho mínimo y desde su píso hasta un plano paralelo a él ubicado a 2,05 m de altura. Dentro de ese espacio no se podrá ubicar elementos que lo invadan (ejemplo: luminarias, carteles, equipamiento, partes propias del edificio o de instalaciones). (NTC 4140) | V48: NO
H49: 20 | I49: Los pavimentos de corredores y pasillos serán firmes, antideslizante y sin accidentes. No se admite tratamiento de la superficie que modifique esta condición (ejemplo encerado), no deben perder la caracteristica de facil limpieza y desinfección.(NTC 4140) | V49: NO
H50: 21 | I50: Las ventanas de este espacio cuentan con vidrios en buen estado: completos, sin roturas, ni vencimientos y asegurados firmemente al marco que los soporta | V50: SI
H51: 22 | I51: Las ventanas ubicadas en pisos superiores cuentan con elementos rigidos, firmes y no inflamables, que impidan la cida de niños y niñas | V51: SI
H52: 23 | I52: Los vidrios y espejos ubicados en esta area cuentan con pelicula de seguridad en la totalidad de su superficie, para proteger a las niñas y los niños de los efectos causados por su rompimiento. | V52: SI
H53: 24 | I53: Las puertas o divisiones de material teransparente cuentan con marcas de color a la altura de niñas y niños para evitar accidentes | V53: SI
H54: 25 | I54: Los ventanales cuentan con elementso rigisdos, firmes y no inflamables instalados a una latura minima de 1,20 medidos a partir del piso acabado que impida la caida de niñas y niños | V54: SI
H55: 26 | I55: Los muros de esta area, deben tener los bordes y esquinas redondeados o recubiertos con amterial impermeable y de facil limpieza y desinfección. | V55: SI
H56: 27 | I56: Las barandas o antepechos en mamposteria de esta área cuentan con una altura minima de 1,20 mts medido desde el nivel del piso acabado | V56: SI
H57: 28 | I57: Las tomas electricas deben estar a 1.50 mts medidos desde el piso acabado en todas las áreas en las que tengan acceso las niñas y los niños | V57: SI
H58: 29 | I58: Las tomas electricas que no se utilicen, se encuentran anuladas con taspas ciegas debidamente atornilladas, se prohibe el uso de tapones plasticos, de tapas de presión o de tapas de exteriores | V58: SI
H59: 30 | I59: Todas las tapas y bombillos de los espacios de permanencia de las niñas y de los niños deben contar con protección que evite accidentes en caso de rotura y estar debidamnete aseguradas | V59: SI
D60: 11.3 | E60: Rampas (En caso de existir) | H60: 31 | I60: El pavimento de las rampas deberá ser firme, antideslizante y sin accidentes (NTC 4143) | V60: SI
H61: 32 | I61: El espacio de recorrido de la rampa esta libre de elementos que la ínvadan (ejemplo: luminarias, carteles, equipamientos) (NTC 4143) | V61: NO
H62: 33 | I62: Al comenzar y finalizar una rampa debe existir una superficie de aproximación que permita inscribir un circulo de 1,20 m de diámetro como mínímo, que no deberá ser invadida por elementos fijos, móviles o desplazables o por el barrido de puertas (NTC 4143) | V62: SI
H63: 34 | I63: El ancho mínimo libre de las rampas es de 0,90 m. (NTC 4143) | V63: SI
H64: 35 | I64: Las rampas que salven desniveles superiores a 0,25 m deberán llevar pasamanos (NTC 4201) | V64: NO
H65: 36 | I65: Las rampas tienen pasamanos a ambos lados que cumplan, continuos en todo su recorrido y con prolongaciones horizontales mayores de 30 cm al comienzo y al final (NTC 4201) | V65: NO
H66: 37 | I66: Las rampas tienen pasamanos a 45 cm de altura y otro a 60 cm de altura, medidos a partir del acabado hasta la parte superior del pasamano, en ambos sentidos (ACTUALIZACIÓN ESTÁNDARES TÉCNICOS PARA LA CALIDAD DE LA EDUCACIÓN INICIAL - SEPTIEMBRE 18 DE 2017, así mismo deben tener pasamanos a 90 cm de altura cm de altura (NTC 4201) | V66: NO
H67: 38 | I67: Todos los espacios de circulacion que presenten cambios de nivel superiores a 0.10 m, cuentan con bordillos (NTC 4201) | V67: NO
H68: 39 | I68: Las ventanas de este espacio cuena con vidrios en buen estado: completos, sin roturas, ni vencimientos y asegurados firmemente al marco que los soporta | V68: SI
H69: 40 | I69: Las ventanas ubicadas en pisois superiores cuentan con elementos rigidos, firmes y no inflamables, que impidan la cida de niños y niñas | V69: SI
H70: 41 | I70: Los vidrios y espejos ubicados en esta area cuentan con pelicula de seguridad en la totalidad de su superficie, para proteger a las niñas y los niños de los efectos causados por su rompimiento. | V70: SI
H71: 42 | I71: Las puertas o divisiones de material teransparente cuentan con marcas de color a la altura de niñas y niños para evitar accidentes | V71: SI
H72: 43 | I72: Los ventanales cuentan con elementso rigisdos, firmes y no inflamables instalados a una latura minima de 1,20 medidos a partir del piso acabado que impida la caida de niñas y niños | V72: SI
... H77: 48 | I77: Todas las tapas y bombillos de los espacios de permanencia de las niñas y de los niños deben contar con protección que evite accidentes en caso de rotura y estar debidamnete aseguradas | V77: SI
D78: 11.4 | E78: Escaleras | H78: 49 | I78: Las escaleras estables | V78: SI
H79: 50 | I79: Las escaleras de uso público deberán tener un ancho mínimo de 0.90 mts. (NTC 4145) | V79: SI
H80: 51 | I80: La contrahuella debe tener una altura menor o igual a 18 cm (NTC 4145) | V80: SI
H81: 52 | I81: Los acabados en huella, contrahuella, barandas y pasamanos de las escaleras no deben ser en madera
H82: 53 | I82: Los pisos deben ser antideslizantes. sin relieves en su superficie, con las puntas diferenciadas visualmente. (NTC 4145) | V82: SI
H83: 54 | I83: Los escalones aislados, deberán presentar textura. color e iluminación que los diferencie del pavimento general. (NTC 4145) | V83: NO
H84: 55 | I84: Las escaleras estan debidamente señalizadas. (NTC 4144) | V84: NO
H85: 56 | I85: Las escaleras tienen pasamanos a ambos lados que cumplan, continuos en todo su recorrido y con prolongaciones horizontales mayores de 30 cm al comienzo y al final (NTC 4201) | V85: NO
H86: 57 | I86: Las Escaleras tienen pasamanos a 45 cm de altura y otro a 60 cm de altura, medidos a partir del acabado hasta la parte superior del pasamano, en ambos sentidos (ACTUALIZACIÓN ESTÁNDARES TÉCNICOS PARA LA CALIDAD DE LA EDUCACIÓN INICIAL - SEPTIEMBRE 18 DE 2017, asi mismo deben tener pasamanos a 90 cm de altura cm de altura (NTC 4201) | V86: SI
H87: 58 | I87: Las barandas o antepechos en mamposteria cuantan con una latura minima de 1,20 m medidos desde el nivel del piso acabado de la rampa o escalera | V87: SI
H88: 59 | I88: Los extremos de los pasamanos son curvados a manera de evitar el punzonado o eventuales enganches (NTC 4201) | V88: NO
H89: 60 | I89: Proteccion con barandas en zonas de circulacion y zonas comunes que puedan evitar riesgo de caida durante su transito | V89: NO
H90: 61 | I90: Las escaleras deben contar con puerta a media altura en el ascenso y descenso que evite el paso directo de niñas y niños | V90: SI
B91: AREA PEDAGOGICA | D91: 11.5 | E91: Area Pedagogica (niños y niñas menores de 2 años) | H91: 62 | I91: El espacio destinado para Area Pedagogica (niños y niñas menores de 2 años) cuenta con acabados de pisos en buen estado, y con acabado de piso que reduzca ekl riesgo de golpes, antideslizante, de facil limpieza y desinfección y no removible | V91: NO
H92: 63 | I92: El espacio destinado para Area Pedagogica (niños y niñas menores de 2 años) cuenta con acabados de muros en buen estado estucado y pintado general (pintura de esmalte hasta una altura de 1.20 cm), libres de humedad | V92: NO
H93: 64 | I93: El espacio destinado para Area Pedagogica (niños y niñas menores de 2 años) cuenta con acabados de techo o cielo raso en buen estado libres de humedad | V93: NO
H94: 65 | I94: El espacio destinado para Area Pedagogica (niños y niñas menores de 2 años) cuenta con adecuada ventilacion natural o artificial | V94: SI
H95: 66 | I95: las conexiones electricas se encuentran en buen estado y no estan expuestas generando reisgos elecricos a los funcionarios | V95: SI
H96: 67 | I96: Los sistemas de iluminacion son ahorradores tipo led | V96: NO
H97: 68 | I97: La iluminación es suficiente para desarrollar las actividades propias del espacio | V97: NO
H98: 69 | I98: Las ventanas de este espacio cuena con vidrios en buen estado: completos, sin roturas, ni vencimientos y asegurados firmemente al marco que los soporta | V98: SI
H99: 70 | I99: Las ventanas ubicadas en pisos superiores cuentan con elementos rigidos, firmes y no inflamables, que impidan la cida de niños y niñas | V99: SI
H100: 71 | I100: Los vidrios y espejos ubicados en esta area cuentan con pelicula de seguridad en la totalidad de su superficie, para proteger a las niñas y los niños de los efectos causados por su rompimiento. | V100: SI
H101: 72 | I101: Las puertas o divisiones de esta área son de material teransparente cuentan con marcas de color a la altura de niñas y niños para evitar accidentes | V101: SI
H102: 73 | I102: Los ventanales de esta área cuentan con elementso rigisdos, firmes y no inflamables instalados a una latura minima de 1,20 medidos a partir del piso acabado que impida la caida de niñas y niños | V102: SI
H103: 74 | I103: Los muros de esta area, deben tener los bordes y esquinas redondeados o recubiertos con amterial impermeable y de facil limpieza y desinfección. | V103: SI
... H107: 78 | I107: Todas las tapas y bombillos de los espacios de permanencia de las niñas y de los niños deben contar con protección que evite accidentes en caso de rotura y estar debidamnete aseguradas | V107: SI
D108: 11.6 | E108: Area Pedagogica (niños y niñas mayores de 2 años menores de 6 años) | H108: 79 | I108: El espacio destinado para Area Pedagogica (niños y niñas mayores de 2 años menores de 6 años) cuenta con acabados de pisos en buen estado, y con acabado de piso que reduzca ekl riesgo de golpes, antideslizante, de facil limpieza y desinfección y no removible | V108: NO
H109: 80 | I109: El espacio destinado para Area Pedagogica (niños y niñas mayores de 2 años menores de 6 años) cuenta con acabados de muros en buen estado estucado y pintado general (pintura de esmalte hasta una altura de 1.20 cm), libres de humedad | V109: NO
H110: 81 | I110: El espacio destinado para Area Pedagogica (niños y niñas mayores de 2 años menores de 6 años) cuenta con acabados de techo o cielo raso en buen estado libres de humedad | V110: NO
H111: 82 | I111: El espacio destinado para Area Pedagogica (niños y niñas mayores de 2 años menores de 6 años) cuenta con adecuada ventilacion natural o artificial | V111: SI
H112: 83 | I112: las conexiones electricas se encuentran en buen estado y no estan expuestas generando reisgos elecricos a los funcionarios | V112: SI
H113: 84 | I113: Los sistemas de iluminacion son ahorradores tipo led | V113: NO
H114: 85 | I114: La iluminación es suficiente para desarrollar las actividades propias del espacio | V114: NO
H115: 86 | I115: Las ventanas de este espacio cuena con vidrios en buen estado: completos, sin roturas, ni vencimientos y asegurados firmemente al marco que los soporta | V115: SI
H116: 87 | I116: Las ventanas ubicadas en pisos superiores cuentan con elementos rigidos, firmes y no inflamables, que impidan la cida de niños y niñas | V116: SI
H117: 88 | I117: Los vidrios y espejos ubicados en esta area cuentan con pelicula de seguridad en la totalidad de su superficie, para proteger a las niñas y los niños de los efectos causados por su rompimiento. | V117: SI
...

Sheet JURIDICO
F2: PROCESO GESTION DE BIENES Y SERVICIOS FORMATO CALIFICACION TECNICA DE INMUEBLES (COMPONENTE JURIDICO)
B7: PARTE I INFORMACIÓN GENERAL DEL PREDIO
B8: NOMBRE DEL PROPONENTE: | O8: N° PROCESO
B9: FECHA DE DILIGENCIAMIENTO: | F9: LOCALIDAD: | L9: MATRICULA INMOBILIARIA
B10: DIRECCIÓN: | M10: CHIP
B12: PARTE II
B14: 8.1. INFORMACIÓN JURIDICA DEL PREDIO
S16: CUENTA CON EL DOCUMENTO | U16: NATURALEZA DEL PREDIO
B17: No. | C17: ASPECTO | F17: CONDICIÓN | S17: SI | T17: NO | U17: PUBLICO | V17: PRIVADO
C19: Certificado de Tradición y libertad o Folio de Matricula Inmobiliaria | F19: Los oferentes deberán presentar con su propuesta el CERTIFICADO DE TRADICIÓN Y LIBERTAD documento expedido por la Oficina de Registro de Instrumentos Públicos, con fecha no mayor a un (1) mes de expedición. De la revisión del mismo se debe concluir si el inmueble es de propiedad de un privado o por el contrario es de propiedad del Distrito Capital. En el evento de pertenecer al Distrito Capital no se reconocerá el pago del rubro asignado para espacio físico funcional, de la estructura de costos, si la infraestructura o construcción propuesta se localiza en más de un predio debe presentarse el certificado de tradición y libertad por cada uno de los predios | W19: QUE EL OFERENTE NO APORTO EL CERTIFICADO DE TRADICION Y NLIBERTAD VIGENTE
C21: Certtificado catastral o impuesto predial | F21: Los oferentes deberán presentar con su propuesta el certificado catastral o boletín de nomenclatura expedido por la Unidad Administrativa Especial de Catastro Distrital (UAECD) o la que haga sus veces en los municipios para cada inmueble presentado, documento por medio del cual la autoridad catastral hace constar la inscripción del predio o mejora, sus características y condiciones , según la base de datos catastral ; en caso de no contar con el respectivo documento se podrá anexar copia del pago del impuesto predial donde conste claramente los siguientes datos del predio: código catastral, CHIP y dirección actual, area de terreno, area construcida.
B22: 5.2. VERIFICACIÓN DE LA INSTALACIÓN ELÉCTRICA
B24: No. | C24: ASPECTO | F24: CONDICIÓN | S24: SI | V24: NO
B26: 5.2.1 | C26: Instalaciones eléctricas | F26: La instalación eléctrica se encuentra en buen estado y funcionando (Requisito mínimo)
B27: 5.2.2 | C27: Información sobre la cuenta | F27: DATOS
F28: Número de cuenta de cliente según factura:
F29: Carga aprobada/aforada según factura (kW):
B32: PARTE VI CARACTERISTICAS PARTICULARES DEL SERVICIO A IMPLEMENTAR
B34: 6.1. REQUERIMIENTOS GENERALES PARA EL FUNCIONAMIENTO DE UN SERVICIO SOCIAL DE LA SECRETARIA DISTRITAL DE INTEGRACION SOCIAL
B36: ITEM | C36: ELEMENTO | F36: DESCRIPCIÓN ACTIVIDAD | S36: SI | V36: NO
B38: 6.1.1 | C38: Accesibilidad, señalizacion y señaletica | F38: Rampas de acceso o medios alternativos mecanicos para el ingreso a los espacios de la unidad operativa
F39: Todos los espacion de la unidad operativa se encuentran con señalizacion y señaletica
B40: 6.1.2 | C40: Iluminación y ventilación | F40: El inmueble cuenta con adecuada ventilacion (Requisito mínimo)
F41: El inmueble cuenta con adecuada Iluminacion (Requisito mínimo)
F42: El inmueble cuenta con adecuada circulación de aire de la cocina protegidas con mallas de materal no corrosivo (angeo)
F43: Los baños del inmueble no podrán compartir una ventana para ventilación con la cocina. En ningún caso deberán existir ventilación cruzada entre baños y cocina
F44: Las lámparas protegidas para evitar el riesgo de contaminación física en caso de ruptura accidental de las bombillas
B45: 6.1.3 | C45: Escaleras (en caso de que existan) | F45: Las escaleras estables (Requisito mínimo)
F46: Cinta antideslizante en los escalones de la escalera.
F47: Pasamanos de escaleras a una altura de +-90 cm.
F48: Proteccion con barandas en zonas de circulacion y zonas comunes que puedan evitar riesgo de caida durante su transito
B49: 6.1.4 | C49: Ventanería | F49: Marcos de ventana en buen estado sin oxido o elementos sueltos.
F50: Vidrios de ventanas con películas de seguridad
B51: 6.1.5 | C51: Puertas | F51: Puerta de cocina y despensa metalica
F52: Suplementos para reducir las aberturas entre las puertas y los pisos las cuales deben ser menores a un centímetro
F53: Puertas de baños en buen estado
B54: 6.1.6 | C54: Cocina y despensa | F54: La cocina cuenta con sifòn y rejilla para la evacuaciòn de residuos lìquidos en el piso (Requisito mínimo)
F55: Los acabados de piso en cocina y despensa son en baldosa y se encuentran en buen estado, sin fracturas ni vencimientos y debidamente emboquillados
F56: Los muros de cocina y despensa son en baldosa o pintura epoxica permitiendo la facil limpieza y desinfeccion
F57: El acabado de cielo raso de cocina y despensa cuenta con un acabado que permita la facil limpieza y desinfeccion.
F58: La cocina y despensa cuentan con media caña en las uniones piso-muro y muro-muro
F59: Los muros de mesones para manipulacion de comida y estructuras de almacenamiento de comida estan con superficies de facil limpieza y desinfeccion
F60: Existe protección en las instalaciones electricas (tomacorrientes) en cocina y despensa
F61: Los aparatos de iluminacion estan protegidos para evitar contaminación
B62: 6.1.7 | C62: Comedor (zona de servido) | F62: Cuenta con adecuada ventilacion (Requisito mínimo)
F63: cuanta con adecuada iluminacion (Requisito mínimo)
F64: paredes y pisos con superficies de facil limpieza y desinfeccion
F65: Techos y cielos rasos con superficies que permital la facil limpiexza y desinfeccion
B66: 6.1.8 | C66: Baños | F66: Cuenta con baños que permitan el ingreso y uso de todo tipo de ususarios
F67: Cuenta con baterias sanitarias en buen estado (lavamanos e inhodoro) (Requisito mínimo)
F68: Cuenta con barandas o apoyos en baños
F69: paredes y pisos con superficies de facil limpieza y desinfeccion
F70: Techos y cielos rasos con superficies que permital la facil limpiexza y desinfeccion
B71: 6.1.9 | C71: Cuarto de almacenamiento temporal de residuos | F71: Cuarto de almacenamiento temporal de residuos o unidad movil de almacenamiento central de residuos (Requisito mínimo)
F72: El cuarto de basuras o la unidad movil de almacanamiento es hermetico, evitando el acceso y proliferacion de vectores, insectos, roedores, animales domesticos y suciedad
F73: El area o espacio debe tener paredes y pisos con superficies de facil limpieza y desinfeccion
F74: En caso de tener cuarto de basuras cuanta con punto hidraulico y desague cercano
F75: El cuarto de basuras o unidad movil de almacenamiento cuenta con adecuada ventilacion
F76: La ubicación del cuarto de basuras o unidad movil de almacenamiento central de residuos esta aislada del sitio de preparacion y almacenamiento de alimentos evitando riesgos de contaminacion
F77: El area del cuarto de basuras o unidad movil de almacenamiento central de residuos es suficiente para contener las canecas de almacenamiento de residuos sólidos (Requisito mínimo)
B78: 6.1.10 | C78: Tanque de agua | F78: La edificacion cuenta con tanque de almacenamiento de agua en material diferente a asbesto cemento (Requisito mínimo)
F79: El o los tanques de almacenamiento de agua estan debidamente protegidos con tapa que permita el ingreso para su lavado (Requisito mínimo)
F80: El o los tanques de almacenamiento de agua estan ubicados en áreas de la edificación que permitan acceso para su lavado y desinfección (Requisito mínimo)
F81: El o los tanques de almacenamiento de agua estan conectados como mínimo con las redes de suministro de agua en cocina y baños (Requisito mínimo)
F82: El o los tanques de almacenamiento de agua estan debidamente impermeabilizados y protegidos de infiltraciones de agua.
F83: Cuenta con certificado de lavado de tanque con una vigencia de 6 meses según lo exigido en el Decreto 1575 de 2007 y Resolución 2115 de 2007, que se incluye en el Plan de Saneamiento Básico
B84: 6.1.11 | C84: Cielo rasos | F84: En zonas de servicios como cocina, alacena, baños, comedor y cuarto de primero auxilios debe contar con superficies lisas, de fácil limpieza y desinfección (En madera no se acepta)
B85: 6.1.12 | C85: Muros | F85: las superficies de muros son lisas permitiendo su facil limpieza y desinfeccion
F86: los muros estan libres de humedades
B87: 6.1.13 | C87: Pisos | F87: Pisos antideslizantes o cintas antideslizantes en todas las zonas de la unidad operativa
F88: Los pisos de todo el inmueble no deben tener desniveles o tropezones que generen riesgo para los usuarios. En caso de existir deben ser corregidos nivelando el piso o con rampas antideslizantes con pasamanos.
F89: Pisos en buen estado sin fracturas que generen riesgos para participantes y funcionarios
F90: Las rejillas, limpia pies y otros elementos colocados en el piso deben estar firmemente asegurados a éste
B91: 6.1.14 | C91: Pintura | F91: Pintura en muros y techos libres de humedad
F92: Pintura en muros y techos en general en buen estado
F93: Pintura epóxica en areas no enchapadas de zonas húmedas (cocina, despensa, baños)
B94: 6.1.15 | C94: Otros | F94: Si la edificacion cuenta con servicio de gas propano, el lugar de la ubicación de las pipetas es aislado, ventilado y protegido de personas o agentes extraños que puedan causar indebida manipulación (Requisito mínimo)
B97: NOTA 1: El diligenciamiento de este formato se realiza por medio de una inspeccion ocular. La estabilidad estructural de la edificacion es responsabilidad del oferente
B99: PARTE VIII
B101: 7.1. OBSERVACIONES FINALES
B106: 7.2. CONCLUSION FINAL
B108: Propiedad del Distrito SI ____ NO ___
B109: Carta de compromiso de Arriendo SI___ NO___
B112: 7.3. FIRMA DE PROFESIONAL RESPONSABLE Y FECHA DE ELABORACION
B113: NOMBRE | J113: FIRMA | Q113: TARJETA PROFESIONAL

Sheet REGISTRO FOTOGRAFICO
F2: SECRETARIA DISTRITAL DE INTEGRACION SOCIAL DIRECCION DE GESTION CORPORATIVA SUBDIRECCION DE PLANTAS FISICAS PROCESO GESTION DE BIENES Y SERVICIOS FORMATO CALIFICACION TECNICA DE INMUEBLES | O2: IDENTIFICACION
O3: PROYECTO : | Q3: =URBANISMO!U11 -> 0
O4: PROCESO COMPETITIVO: | Q4: =URBANISMO!J11 -> 0
O5: NOMBRE PROPONENTE | Q5: =URBANISMO!E11 -> 0
O6: DIRECCION DEL PREDIO | Q6: =URBANISMO!E13 -> 0
B8: PARTE VIII
B9: 13. REGISTRO FOTOGRAFICO ANEXO
B11: 13.1. FECHA ELABORACIÓN: | F11: =URBANISMO!E12 -> 0 | J11: 13.2. NOMBRE PREDIO O PROYECTO: | O11: =URBANISMO!J14 -> 0 | AQ11: ='[5]CONCEPTO TECNICO PREDIOS'!AT10:BG10 -> #VALUE!
B12: 13.3 LOCALIDAD | F12: =URBANISMO!J12 -> 0 | J12: 13.4. CHIP | O12: =URBANISMO!P13 -> 0
B19: DESCRIPCIÓN | K19: DESCRIPCIÓN
B26: DESCRIPCIÓN | K26: DESCRIPCIÓN
B33: DESCRIPCIÓN | K33: DESCRIPCIÓN
B40: DESCRIPCIÓN | K40: DESCRIPCIÓN

Sheet PLANOS 
F2: SECRETARIA DISTRITAL DE INTEGRACION SOCIAL DIRECCION DE GESTION CORPORATIVA SUBDIRECCION DE PLANTAS FISICAS PROCESO GESTION DE BIENES Y SERVICIOS FORMATO CALIFICACION TECNICA DE INMUEBLES | W2: IDENTIFICACION
W3: PROYECTO : | AC3: =URBANISMO!U11 -> 0
W4: PROCESO COMPETITIVO: | AC4: =URBANISMO!J11 -> 0
W5: NOMBRE PROPONENTE | AC5: =URBANISMO!E11 -> 0
W6: DIRECCION DEL PREDIO | AC6: =URBANISMO!E13 -> 0
B8: PARTE IX I4. LEVANTAMIENTO ARQUITECTÓNICO
B10: 14.1. FECHA ELABORACIÓN: | F10: =URBANISMO!E12 -> 0 | L10: 14.2. NOMBRE PREDIO O PROYECTO: | S10: =URBANISMO!J14 -> 0
B11: 14.3. LOCALIDAD | F11: =URBANISMO!J12 -> 0 | L11: 14.4. CHIP | S11: =URBANISMO!P13 -> 0
